Match 46499364
Unlisted

Match 46499364
End
Scout Squad
Selects Special Operations Battlegroup
Selects M29 Weasel Recon Vehicle
M29 Weasel Recon Vehicle
Construct Barracks
Riflemen Squad
Riflemen Squad
Infantry Support Center
Construct Motor Pool
M8 Greyhound Armored Car
Construct Medical Station
Engineer Squad
M1918 Browning Automatic Rifles
M1 Anti-tank Gun Team
Construct Tank Depot
Selects Raiding Flares
Selects SSF Commando Squad
Selects P-47 Anti-Infantry Loiter
Selects P-47 Anti-Infantry Loiter
Riflemen Squad
M4(105) Sherman Bulldozer
P-47 Anti-Infantry Loiter
Grenade Package
Advanced Logistics
Makros
.:PSG:. RedxWings
0
0

Comments sign in to comment!

No comments posted yet!